 Dungeon Crawl Stone Soup version 0.21.1-1-g345015fe64 (webtiles) character file.

81 Kohma the Vexing (level 4, -3/21 HPs)
             Began as a Spriggan Enchanter on June 27, 2018.
             Was an Initiate of Nemelex Xobeh.
             Slain by Thargor's ghost (13 damage)
             ... on level 3 of the Dungeon.
             The game lasted 00:12:23 (3562 turns).

Kohma the Vexing (Spriggan Enchanter)               Turns: 3562, Time: 00:12:23

Health: -3/21      AC:  2    Str:  5    XL:     4   Next: 19%
Magic:  1/9        EV: 20    Int: 16    God:    Nemelex Xobeh [......]
Gold:   92         SH:  0    Dex: 16    Spells: 3/9 levels left

rFire    . . .     SeeInvis +   t - +4 short sword (holy)
rCold    . . .     Gourm    .   (shield restricted)
rNeg     . . .     Faith    .   b - +0 robe
rPois    .         Spirit   .   (helmet restricted)
rElec    .         Reflect  .   (no cloak)
rCorr    .         Harm     .   (gloves unavailable)
MR       .....                  (boots unavailable)
Stlth    +++.......             (no amulet)
HPRegen  0.07/turn              (no ring)
MPRegen  0.11/turn              (no ring)

@: very quick
A: very small, unfitting armour, see invisible, herbivore, speed 3, slow
metabolism 2
a: Renounce Religion


You were on level 3 of the Dungeon.
You worshipped Nemelex Xobeh.
Nemelex Xobeh was noncommittal.
You were not hungry.

You visited 1 branch of the dungeon, and saw 4 of its levels.

You collected 92 gold pieces.

Inventory:

Hand Weapons
 a - a +1 dagger
 t - a +4 short sword of holy wrath (weapon)
Missiles
 e - 55 stones (quivered)
 g - 2 throwing nets
 k - 57 poisoned needles
 o - 48 bolts
Armour
 b - a +0 robe (worn)
 n - a +0 buckler
Jewellery
 p - an uncursed ring of protection from cold {unknown}
 s - a +1 ring of evasion {unknown}
Wands
 r - a wand of flame (30)
Scrolls
 f - 2 scrolls of teleportation {unknown}
 i - 2 scrolls of remove curse {unknown}
 j - a scroll of fear {unknown}
 l - a scroll of random uselessness {unknown}
 m - 3 scrolls of identify {unknown}
Potions
 h - 3 potions of heal wounds {unknown}
 u - 2 potions of ambrosia {unknown}
Books
 c - a book of Maledictions

   Spells                             Type                      Level
   a - Corona                         Hexes                        1
   b - Ensorcelled Hibernation        Hexes/Ice                    2
   c - Confuse                        Hexes                        3
   d - Tukima's Dance                 Hexes                        3
   e - Dazzling Spray                 Conjuration/Hexes            3
Miscellaneous
 q - a plain deck of escape
Comestibles
 d - 6 rations


   Skills:
 + Level 2.1 Short Blades
 * Level 4.5 Dodging
 - Level 4.4 Stealth
 - Level 3.0 Spellcasting
 * Level 4.8 Hexes


You had 3 spell levels left.
You knew the following spells:

 Your Spells              Type           Power        Failure   Level  Hunger
a - Corona                Hex            ###....      2%          1    #......
b - Ensorcelled Hibernat  Hex/Ice        ##....       11%         2    ##.....
c - Confuse               Hex            ###.....     8%          3    ###....


Dungeon Overview and Level Annotations

Branches:
Dungeon (4/15)
 Temple: D:4-7

Altars:
Elyvilon
Gozag
Kikubaaqudgha
Nemelex Xobeh
Okawaru
Ru
Trog
Xom
Zin
The Shining One

Annotations:
D:1 fly
D:2 exclusion: downstairs
D:3 Thargor's ghost, amateur MiFi
D:4 Edugo's ghost, amateur MiBe


Innate Abilities, Weirdness & Mutations

You are very small and have problems with some larger weapons.
You are too small for most types of armour.
You have supernaturally acute eyesight. (SInv)
You are a herbivore.
You cover ground extremely quickly.
You need consume almost no food.


Message History

You puncture Thargor's ghost!
Thargor's ghost convulses!
Thargor's ghost is severely damaged.
Thargor's ghost closely misses you.
You hit Thargor's ghost but do no damage.
Thargor's ghost is severely damaged.
You hit Thargor's ghost but do no damage.
Thargor's ghost is severely damaged.
Thargor's ghost misses you.
You hit Thargor's ghost.
Thargor's ghost convulses.
Thargor's ghost is almost destroyed.
Thargor's ghost seems less confused.
You hit Thargor's ghost but do no damage.
Thargor's ghost is almost destroyed.
Thargor's ghost misses you.
You closely miss Thargor's ghost.
Thargor's ghost is almost destroyed.
Thargor's ghost hits you!
Ouch! That really hurt!
You die...
Your body disappears without a glow.

########## #####........#
#...@........#
###########.###W.......#
###.##........###........#
...................#.#####
......##########...#..####
...)...## #...[.....)#
#.......# #..###.###.#
..##.##.#######..# #.# #.#
####..#..........###'###.#


You could see Thargor's ghost.

Vanquished Creatures
  2 adders
  3 oozes
  2 worms (D:2)
  2 dart slugs
  2 leopard geckos (D:2)
  3 bats
  2 giant cockroaches
  4 hobgoblins
  2 jackals (D:3)
  A ball python (D:1)
  4 frilled lizards
  5 goblins
  6 kobolds
  6 rats
44 creatures vanquished.

Notes
Turn   | Place    | Note
-------+----------+-------------------------------------------
     0 | D:1      | Kohma the Spriggan Enchanter began the quest for the Orb.
     0 | D:1      | Reached XP level 1. HP: 9/9 MP: 5/5
   107 | D:1      | Reached XP level 2. HP: 9/13 MP: 2/6
   111 | D:1      | Learned a level 2 spell: Ensorcelled Hibernation
  1209 | D:2      | Reached XP level 3. HP: 16/16 MP: 3/8
  1489 | D:2      | Found a sacrificial altar of Ru.
  1549 | D:2      | Found an opulent altar of Gozag.
  1552 | D:2      | Found a sparkling altar of Nemelex Xobeh.
  1554 | D:2      | Found an iron altar of Okawaru.
  1558 | D:2      | Found a shimmering altar of Xom.
  1560 | D:2      | Found a bloodstained altar of Trog.
  1803 | D:2      | Became a worshipper of Nemelex Xobeh the Trickster
  1830 | D:2      | Found a glowing golden altar of the Shining One.
  1830 | D:2      | Found a glowing silver altar of Zin.
  1830 | D:2      | Found a white marble altar of Elyvilon.
  1939 | D:2      | Learned a level 3 spell: Confuse
  2151 | D:3      | Received a gift from Nemelex Xobeh
  2165 | D:3      | Noticed Thargor's ghost (amateur MiFi)
  2789 | D:3      | Reached XP level 4. HP: 18/21 MP: 4/9
  2810 | D:3      | Found an ancient bone altar of Kikubaaqudgha.
  3063 | D:4      | Noticed Edugo's ghost (amateur MiBe)
  3562 | D:3      | Slain by Thargor's ghost

Skill      XL: |  1  2  3 |
---------------+----------+-----
Hexes          | 4 |  4.8
Spellcasting   | 3 |  3.0
Dodging        | 4 |  4.5
Short Blades   | 2 |  2.1
Stealth        | |  4.4

Action                   |  1- 3 |  4- 6 || total
-------------------------+-------+-------++-------
Melee: Dagger            |    79 |    18 ||    97
       Short sword       |       |     9 ||     9
 Cast: Corona            |     9 |     1 ||    10
       Ensorcelled Hiber |    27 |     2 ||    29
       Confuse           |     3 |     9 ||    12
 Stab: Sleeping          |    33 |     2 ||    35
       Confused          |       |     2 ||     2
  Eat: Ration            |     1 |     1 ||     2
Armor: Robe              |     7 |     1 ||     8
Dodge: Dodged            |    58 |    16 ||    74
